 Dungeon Crawl Stone Soup version 0.31-a0-851-g7ff8af7976 (webtiles) character file.

Game seed: 631485048408820398

5 cforsyth the Stinger (level 1, 0/15 HPs)
             Began as a Djinni Necromancer on Oct 6, 2023.
             Slain by a kobold
             ... wielding a +0 dagger
              (1 damage)
             ... on level 1 of the Dungeon.
             The game lasted 00:00:31 (185 turns).

cforsyth the Stinger (Djinni Necromancer)            Turns: 185, Time: 00:00:32

Health: 0/15       AC:  2    Str:  7    XL:     1   Next: 88%
Gold:   0          EV: 12    Int: 16    God:
                   SH:  0    Dex: 13

rFire   + + .        (no weapon)
rCold   x . .        (no shield)
rNeg    . . .        a - +0 robe
rPois   ∞            (no helmet)
rElec   .            (no cloak)
rCorr   .            (no gloves)
SInv    .            (boots unavailable)
Will    .....        (no amulet)
Stlth   ++           (no ring)
HPRegen 0.22/turn    (no ring)
MPRegen 0.00/turn

%: infuse magic (-1 HP)
@: flying
A: sickness immunity, fire resistance 2, cold vulnerability 1, float, innate
caster, HP casting, extra vitality 1
a: no special abilities


You were on level 1 of the Dungeon.
You visited 1 branch of the dungeon, and saw 1 of its levels.

Inventory:

Armour
 a - a +0 robe (worn)


   Skills:
 + Level 2.3 Dodging
 + Level 1.7 Stealth
 + Level 3.4 Spellcasting
 + Level 3.4 Conjurations
 + Level 3.4 Hexes
 + Level 3.4 Summonings
 + Level 3.4 Necromancy
 + Level 3.4 Translocations
 + Level 3.4 Transmutations
 + Level 3.4 Fire Magic
 + Level 3.4 Ice Magic
 + Level 3.4 Air Magic
 + Level 3.4 Earth Magic
 + Level 3.4 Poison Magic


You knew the following spells:

 Your Spells              Type           Power      Damage    Failure   Level
a - Necrotise             Necr           52%        1d6       4%          1
b - Vampiric Draining     Necr           13%        2d6       13%         3
c - Animate Dead          Necr           13%        N/A       41%         4
d - Agony                 Necr           13%        N/A       77%         5
Your spell library was empty.

Dungeon Overview and Level Annotations

Branches:
Dungeon (1/15)

Altars:


Innate Abilities, Weirdness & Mutations

You are immune to sickness and miasma.
You are immune to poison.
Your flesh is very heat resistant. (rF++)
You are vulnerable to cold. (rC-)
You float through the air rather than walking.
You learn spells naturally, not from books.
Your magical power is your life essence.
You have superior vitality. (+4 MHP)


Message History

* * * LOW HITPOINT WARNING * * *
Your bat skeleton hits the kobold but does no damage.
Your bat skeleton closely misses the kobold.
The giant cockroach closely misses you.
Casting: Necrotise (safe; 4% risk of failure)
Confirm with . or Enter, or press ? or * to list all spells.
You don't have enough health to cast this spell.
Unknown command.
Your bat skeleton hits the kobold but does no damage. x2
The rat bites your bat skeleton. The giant cockroach misses you.
Your bat skeleton closely misses the kobold. x2
Your bat skeleton barely misses the kobold.
The rat bites your bat skeleton.
Sorry, you're not good enough to have a special ability.
Unknown command.
Casting: Necrotise (safe; 4% risk of failure)
Confirm with . or Enter, or press ? or * to list all spells.
Aiming: Necrotise (safe; 4% risk of failure)
Press: ? - help, Shift-Dir - straight line, f/p - giant cockroach
Aim: a giant cockroach (heavily wounded, chance to affect: 83%)
The giant cockroach writhes in agony.
You kill the giant cockroach!
* * * LOW HITPOINT WARNING * * *
Your bat skeleton misses the kobold.
Your bat skeleton hits the kobold but does no damage.
You aren't carrying any items that you can evoke.
You hit the kobold.
The kobold is severely wounded.
Your bat skeleton hits the kobold but does no damage.
Your bat skeleton completely misses the kobold.
The kobold hits your bat skeleton with a +0 dagger.
Your bat skeleton is destroyed!
The kobold shouts!
You closely miss the kobold.
The kobold is moderately wounded.
The kobold misses you.
You barely miss the kobold.
The kobold is moderately wounded.
The kobold hits you with a +0 dagger.
You die...

#.#.~~#~#<~'.# #..
#.#.###~~~~### ###
#.#.#.#~##≈# ###
#.#...#~~≈≈# ...
#.###'###### ..# #.#..#
#.##.# .## #.##.# #.##.#
.. #.##.# #.##.# .#
#.##.# #.##@#####.#
#.##.# #.##K##..[.###.#
#.##.# #.##r##........#
#.##.# #.##.##.g......#
#.##.####.##.###.#.##..
#..............>K.......
#########...##>###.##...
##..##.# .# #..##.# #


You could see a kobold and a rat.

Vanquished Creatures
  A bat (D:1)
  3 giant cockroaches (D:1)
4 creatures vanquished.

Notes
Turn   | Place    | Note
-------+----------+-------------------------------------------
     0 | D:1      | cforsyth the Djinni Necromancer began the quest for the
                  | Orb.
     0 | D:1      | cforsyth set off with the following spells memorised:
                  | Necrotise, Vampiric Draining, Animate Dead, Agony.
     0 | D:1      | Reached XP level 1. HP: 15/15 MP: 0/0
   185 | D:1      | Slain by a kobold

Illustrated notes

Levels and vault maps discovered:
D:1:      ncdulo_wetmaze, layout_loops_ring, grunt_decor_junction

Action                     || total
---------------------------++-------
  Melee: Unarmed           ||    16
   Cast: Necrotise         ||     5
 Armour: Robe              ||    21
  Dodge: Dodged            ||    19

Table legend: (Time is in decaauts)
 A = Elapsed time spent in this place.
 B = Non-inter-level travel time spent in this place.
 C = Inter-level travel time spent in this place.
 D = Time resting spent in this place.
 E = Time spent auto-exploring this place.
 F = Levels seen in this place.
 G = Mean time per level.
                   A        B        C        D        E       F      G
               +--------+--------+--------+--------+--------+-----+--------+
         Total |    185 |    185 |      0 |      0 |    145 |   1 |  185.0 |
       Dungeon |    185 |    185 |      0 |      0 |    145 |   1 |  185.0 |
               +--------+--------+--------+--------+--------+-----+--------+

Top non-repeatable levels by time:
     D:1: 185 daAuts
